Map: 어스름 탑

Players

llllllllllll - Winner!

  • Race: Zerg Zerg
  • League: Grandmaster

llllllllllll (Scarlett)

  • Race: Zerg Zerg
  • League: Grandmaster

VOD

Have the link to the VOD?

Description

Time

  • Played on: April 14, 2016, 1:40 a.m.
  • Length: 15:06
Show
View Real Time Build Order
Export as new Build Order

llllllllllll Zerg - Winner!

Build Orders: Hatch First, Muta Ling Bane 

Get SALT Encoding   

  12  0:00  Drone  
  13  0:12  Overlord  
  13  0:17  Drone  
  14  0:31  Drone x2  
  14  0:34  Drone  
  17  0:53  Hatchery  
  17  0:54  Drone  
  17  0:58  Drone  
  18  1:07  Extractor  
  17  1:13  Spawning Pool  
  17  1:15  Drone  
  17  1:19  Drone  
  18  1:28  Drone  
  19  1:38  Overlord  
  19  1:50  Drone  
  20  1:59  Queen  
  20  2:00  Zergling x2  
  23  2:04  Queen  
  23  2:05  Zergling x2  
  23  2:07  Metabolic Boost  
  26  2:11  Drone  
  27  2:17  Drone  
  28  2:28  Drone  
  28  2:29  Baneling Nest  
  28  2:35  Queen  
  28  2:36  Drone  
  31  2:38  Drone  
  31  2:42  Overlord  
  32  2:44  Zergling x2  
  33  2:57  Drone x2  
  35  3:01  Drone  
  36  3:06  Zergling x2  
  36  3:11  Drone  
  38  3:18  Overlord  
  38  3:19  Drone x3  
  41  3:20  Drone  
  41  3:23  Baneling x2  
  41  3:33  Hatchery, Drone x2  
  42  3:42  Drone x3  
  42  3:43  Drone  
  46  3:49  Roach Warren  
  46  3:53  Lair  
  46  3:55  Drone  
  46  3:57  Extractor  
  46  3:58  Zergling x2  
  46  3:59  Baneling  
  46  4:00  Zergling x2  
  46  4:11  Zergling x12  
  50  4:22  Zergling x2  
  50  4:23  Zergling x6  
  50  4:25  Zergling x4  
  50  4:26  Queen  
  50  4:29  Baneling x2  
  50  4:37  Zergling x2  
  50  4:38  Zergling x2  
  52  4:44  Overlord  
  52  4:45  Extractor  
  52  4:47  Drone x3  
  52  4:49  Drone  
  55  5:02  Extractor  
  55  5:03  Drone  
  55  5:04  Spire  
  52  5:14  Drone x7  
  48  5:19  Drone  
  54  5:27  Drone  
  54  5:28  Drone x4  
  58  5:29  Zergling x2  
  56  5:38  Spine Crawler  
  56  5:39  Spine Crawler, Roach  
  56  5:40  Spine Crawler, Roach  
  55  5:43  Roach  
  57  5:50  Roach x2  
  57  5:51  Roach  
  57  5:54  Queen  
  65  5:57  Baneling x2  
  65  6:04  Overlord x2  
  65  6:10  Extractor  
  66  6:11  Roach  
  67  6:22  Mutalisk x4  
  67  6:24  Mutalisk  
  77  6:28  Overlord  
  77  6:31  Drone x2  
  77  6:32  Drone  
  80  6:34  Drone  
  80  6:35  Drone  
  82  6:41  Overlord  
  82  6:43  Extractor  
  82  6:44  Extractor  
  82  6:46  Drone x6  
  86  6:53  Drone x4  
  90  7:01  Drone  
  91  7:08  Zerg Flyer Weapons Level 1  
  91  7:09  Drone x2  
  91  7:13  Drone x2  
  91  7:14  Hatchery  
  94  7:16  Drone x2  
  94  7:18  Overseer  
  94  7:19  Drone  
  97  7:24  Drone  
  97  7:26  Overlord x2  
  98  7:30  Evolution Chamber  
  97  7:37  Centrifical Hooks  
  97  7:38  Drone  
  97  7:41  Overlord x2  
  98  7:49  Drone x7  
  98  7:50  Drone x3  
  108  7:56  Overlord x2  
  108  7:57  Overlord  
  108  7:59  Mutalisk  
  108  8:03  Zerg Melee Weapons Level 1  
  110  8:06  Mutalisk x2  
  110  8:07  Overlord  
  110  8:09  Mutalisk  
  116  8:14  Overlord  
  116  8:15  Mutalisk x2  
  116  8:19  Mutalisk x2  
  122  8:23  Mutalisk  
  122  8:24  Mutalisk  
  128  8:33  Mutalisk x3  
  132  8:38  Extractor  
  132  8:39  Extractor  
  130  8:43  Mutalisk x2  
  130  8:47  Zergling x2  
  130  8:48  Zergling x18  
  144  8:51  Zergling x2  
  144  8:52  Zergling x4  
  147  8:57  Zergling x6  
  147  9:01  Zergling x6  
  153  9:07  Zergling x2  
  154  9:10  Baneling  
  154  9:12  Baneling x9  
  154  9:15  Mutalisk x2  
  158  9:18  Zergling x4  
  160  9:26  Zergling x14  
  160  9:27  Zerg Flyer Weapons Level 2, Zergling x4  
  160  9:30  Zergling x4  
  171  9:37  Baneling  
  171  9:38  Baneling x9, Overlord  
  171  9:39  Zergling x2  
  171  9:43  Zergling x2  
  171  9:44  Overseer  
  173  9:47  Zergling x2  
  173  9:48  Zergling x4  
  176  9:54  Overseer  
  176  9:58  Pneumatized Carapace  
  176  10:00  Zergling x2  
  176  10:01  Zergling x14  
  176  10:02  Overlord  
  184  10:12  Zergling x2  
  145  10:27  Mutalisk x5  
  138  10:28  Zergling x2  
  138  10:29  Zergling x8  
  138  10:42  Mutalisk x3  
  132  10:47  Zergling x4  
  140  10:51  Zergling x6  
  137  10:59  Zergling x2  
  137  11:02  Mutalisk  
  140  11:07  Zergling x2  
  140  11:08  Zergling x4  
  140  11:09  Hatchery  
  142  11:13  Zerg Melee Weapons Level 2, Zergling x2  
  142  11:17  Mutalisk x2  
  142  11:18  Mutalisk  
  146  11:19  Zergling x16  
  154  11:26  Zergling x6  
  154  11:29  Queen  
  159  11:33  Zergling x2  
  159  11:35  Zergling x4  
  147  11:50  Hatchery  
  147  11:53  Mutalisk  
  133  11:59  Mutalisk  
  133  12:00  Mutalisk x7  
  139  12:04  Zergling x2  
  139  12:05  Zergling x12  
  142  12:09  Mutalisk  
  142  12:13  Mutalisk x2  
  147  12:28  Mutalisk x3  
  140  12:30  Zergling x2  
  140  12:33  Zergling x12  
  140  12:35  Mutalisk  
  146  12:38  Mutalisk  
  142  12:49  Infestation Pit  
  135  12:52  Baneling x5  
  135  12:53  Baneling x4  
  135  12:54  Drone x11  
  146  13:00  Queen  
  146  13:01  Drone x5  
  146  13:03  Queen  
  146  13:05  Baneling x10  
  155  13:06  Baneling, Drone x2  
  155  13:07  Drone  
  146  13:26  Overseer  
  141  13:27  Mutalisk x2  
  141  13:29  Zergling x10  
  141  13:31  Spore Crawler, Extractor  
  141  13:32  Extractor  
  143  13:36  Drone  
  143  13:37  Drone x6  
  143  13:39  Overlord x3  
  143  13:40  Extractor x2  
  143  13:41  Hive  
  146  13:45  Zergling x14  
  146  13:46  Zergling x2  
  154  13:57  Mutalisk x3  
  154  13:59  Zergling x20  
  154  14:01  Overseer  
  169  14:02  Drone  
  169  14:03  Drone x2  
  169  14:05  Spore Crawler  
  169  14:09  Spine Crawler, Baneling x14  
  169  14:11  Zergling x14  
  169  14:12  Zergling x4  
  169  14:16  Evolution Chamber  
  159  14:36  Mutalisk x7  
  155  14:41  Zergling x22  
  155  14:42  Zergling x2  
Show
View Real Time Build Order
Export as new Build Order

llllllllllll Zerg 

Build Orders: Hatch First, Lurkers 

Get SALT Encoding   

  12  0:01  Drone  
  13  0:07  Drone  
  14  0:18  Overlord  
  14  0:25  Extractor, Drone  
  15  0:37  Drone x2  
  17  0:52  Hatchery  
  17  0:55  Drone  
  17  0:59  Drone  
  18  1:11  Spawning Pool  
  17  1:13  Extractor  
  16  1:20  Drone x2  
  18  1:28  Drone  
  19  1:41  Overlord  
  19  1:48  Drone  
  20  1:57  Queen  
  20  2:00  Zergling x2  
  23  2:06  Queen  
  23  2:07  Drone  
  26  2:13  Drone, Metabolic Boost  
  27  2:18  Drone  
  27  2:20  Drone  
  29  2:26  Drone  
  30  2:32  Drone  
  30  2:33  Queen  
  33  2:38  Zergling x2  
  34  2:47  Hatchery  
  33  2:56  Overlord, Baneling Nest  
  32  3:02  Overlord  
  32  3:07  Zergling x2  
  32  3:08  Drone  
  32  3:09  Drone  
  33  3:21  Zergling x4  
  33  3:22  Overlord  
  33  3:23  Zergling x4  
  37  3:31  Zergling x2  
  37  3:32  Zergling x4  
  40  3:40  Zergling x2  
  41  3:45  Baneling x3  
  41  3:48  Overlord, Zergling x2  
  41  3:49  Zergling x4  
  41  3:52  Extractor  
  41  3:53  Overlord  
  43  4:01  Drone x5  
  46  4:16  Drone  
  46  4:17  Drone x3  
  45  4:26  Roach Warren  
  45  4:30  Zergling x2  
  45  4:31  Zergling x2  
  44  4:33  Drone x5  
  49  4:40  Overlord  
  49  4:41  Drone x2  
  51  4:51  Baneling x2  
  51  4:53  Zergling x8  
  55  5:06  Queen  
  53  5:10  Roach x7  
  65  5:17  Roach x3  
  64  5:39  Drone  
  64  5:40  Drone x7  
  64  5:41  Overlord  
  64  5:42  Lair  
  70  5:43  Queen  
  70  5:44  Drone  
  70  5:49  Zergling x2  
  74  5:51  Overlord  
  74  5:54  Extractor  
  74  5:55  Extractor  
  72  6:02  Drone x7  
  79  6:07  Queen  
  81  6:12  Drone  
  81  6:14  Overlord, Drone x3  
  85  6:19  Baneling  
  85  6:20  Baneling  
  85  6:21  Drone x2  
  87  6:26  Overlord  
  87  6:27  Drone x3  
  90  6:34  Overlord  
  90  6:36  Drone  
  90  6:37  Evolution Chamber  
  90  6:40  Glial Reconstitution  
  90  6:41  Extractor x2  
  90  6:42  Overseer  
  90  6:43  Hydralisk Den, Drone x4  
  91  6:48  Drone x2  
  93  6:54  Drone  
  93  6:55  Drone x3  
  93  6:59  Spore Crawler x2  
  95  7:02  Spore Crawler x2  
  95  7:05  Spore Crawler  
  92  7:12  Drone x7  
  99  7:15  Zerg Missile Weapons Level 1  
  99  7:22  Drone x2  
  101  7:25  Spore Crawler  
  100  7:31  Spore Crawler  
  100  7:32  Overlord  
  100  7:33  Overlord x4  
  99  7:38  Drone x3  
  99  7:39  Lurker Den  
  99  7:40  Hydralisk x2  
  99  7:43  Overseer  
  106  7:45  Overlord  
  106  7:51  Hydralisk x2  
  106  7:52  Hydralisk  
  106  7:53  Overlord  
  112  7:59  Hydralisk x4  
  120  8:06  Overseer  
  120  8:07  Hydralisk x3  
  126  8:15  Hydralisk  
  126  8:16  Hydralisk x3  
  134  8:25  Hydralisk  
  134  8:26  Hydralisk x3  
  142  8:42  Overlord x2  
  142  8:43  Overlord x3  
  142  8:48  Hatchery  
  141  9:02  Infestation Pit  
  140  9:04  Spore Crawler  
  140  9:08  Muscular Augments  
  140  9:09  Drone x10  
  149  9:19  Lurker x4  
  149  9:20  Lurker x5  
  158  9:25  Pneumatized Carapace  
  158  9:27  Extractor  
  158  9:29  Extractor  
  158  9:30  Drone x3  
  159  9:32  Drone x2  
  159  9:33  Drone  
  161  9:40  Zerg Missile Weapons Level 2  
  159  9:52  Hydralisk x6  
  171  10:07  Spore Crawler  
  171  10:08  Overlord  
  171  10:09  Overlord  
  140  10:21  Hydralisk x5  
  140  10:22  Hydralisk x2  
  140  10:26  Spore Crawler  
  140  10:28  Spore Crawler  
  131  10:31  Queen x3  
  131  10:32  Hydralisk  
  131  10:33  Hydralisk x3  
  143  10:37  Spore Crawler  
  143  10:38  Spore Crawler  
  143  10:39  Spore Crawler  
  141  10:43  Pathogen Glands  
  141  10:47  Roach x6  
  128  11:00  Hydralisk x5  
  136  11:06  Spore Crawler  
  136  11:07  Spore Crawler, Queen  
  136  11:08  Spore Crawler  
  136  11:09  Infestor  
  131  11:29  Zergling x2  
  131  11:30  Zergling x2  
  133  11:32  Queen  
  135  11:46  Hydralisk  
  124  11:52  Infestor x3  
  111  11:57  Drone  
  111  11:58  Drone x17  
  107  12:09  Drone  
  107  12:10  Drone x7  
  107  12:15  Queen x4  
  118  12:19  Hydralisk  
  121  12:29  Hydralisk  
  117  12:30  Hydralisk x3  
  115  12:43  Hydralisk x7  
  117  12:52  Extractor  
  117  12:55  Drone x4  
  120  13:13  Infestor  
  120  13:14  Infestor x3  
  124  13:24  Drone  
  124  13:25  Drone x6  
  116  13:33  Drone x2  
  117  13:41  Hive  
  114  13:43  Drone x3  
  114  13:44  Drone x3  
  114  13:46  Drone  
  121  13:53  Drone  
  121  13:54  Drone x2  
  118  13:56  Drone x2  
  102  14:04  Infestor x2  
  106  14:11  Hydralisk x3  
  106  14:14  Hydralisk  
  114  14:23  Infestor x3  
  119  14:36  Hydralisk  
  119  14:37  Hydralisk x4  
Tags
 
Add a new tag
Caveats
  • Supply blocks, unpowered buildings, or Contaminate may cause inaccurate times.
  • Supply counts are checked every 10 seconds.